 Dungeon Crawl Stone Soup version 0.22-a0-596-gfbd32a6 (webtiles) character file.

28 Hebeh the Shield-Bearer (level 3, -2/33 HPs)
             Began as a Minotaur Fighter on July 5, 2018.
             Killed from afar by an orc wizard (6 damage)
             ... with a puff of frost
             ... on level 2 of the Dungeon.
             The game lasted 00:01:57 (743 turns).

Hebeh the Shield-Bearer (Minotaur Fighter)           Turns: 743, Time: 00:01:57

Health: -2/33      AC:  7    Str: 21    XL:     3   Next: 0%
Magic:  2/2        EV:  7    Int:  5    God:
Gold:   66         SH:  9    Dex:  9    Spells: 2/2 levels left

rFire    . . .     SeeInvis .   a - +0 war axe
rCold    . . .     Gourm    .   c - +0 shield
rNeg     . . .     Faith    .   b - +0 scale mail
rPois    .         Spirit   .   (helmet restricted)
rElec    .         Reflect  .   (no cloak)
rCorr    .         Harm     .   (no gloves)
MR       .....                  (no boots)
Stlth    ..........             (no amulet)
HPRegen  0.11/turn              (no ring)
MPRegen  0.08/turn              (no ring)

@: no status effects
A: retaliatory headbutt, horns 2
a: no special abilities


You were on level 2 of the Dungeon.
You were not hungry.

You visited 1 branch of the dungeon, and saw 2 of its levels.

You collected 66 gold pieces.

Inventory:

Hand Weapons
 a - a +0 war axe (weapon)
Missiles
 e - 15 stones (quivered)
 l - 18 sling bullets
Armour
 b - a +0 scale mail (worn)
 c - a +0 shield (worn)
 g - a +1 pair of boots
Scrolls
 h - 2 scrolls of teleportation {unknown}
 k - a scroll of immolation {unknown}
 m - a scroll of enchant armour {unknown}
 n - a scroll of magic mapping {unknown}
 o - a scroll of amnesia {unknown}
 p - a scroll of identify {unknown}
 q - 3 scrolls of blinking {unknown}
Potions
 d - a potion of might
 i - a potion of flight {unknown}
Comestibles
 f - 6 rations
 j - 7 chunks of flesh


   Skills:
 + Level 3.9 Fighting
 * Level 3.3 Axes
 + Level 3.9 Armour
 + Level 4.0 Shields


You had 2 spell levels left.
You didn't know any spells.
Your spell library was empty.

Dungeon Overview and Level Annotations

Branches:
Dungeon (2/15)

Altars:


Innate Abilities, Weirdness & Mutations

You reflexively headbutt those who attack you in melee.
You have a pair of horns on your head.


Message History

The orc priest calls down the wrath of Beogh upon you.
Beogh smites you!
You are too injured to fight recklessly!
You are too injured to fight recklessly!
You are too injured to fight recklessly!
You block the frilled lizard's attack.
You closely miss something. Your headbutt misses something.
You closely miss the orc wizard.
The orc wizard hits you but does no damage.
Something hits you but does no damage.
The orc wizard points at you and mumbles some strange words.
The puff of flame hits you!
* * * LOW HITPOINT WARNING * * *
Something hits you but does no damage.
The orc wizard mumbles some strange words.
The orc wizard flickers and vanishes!
The orc priest miscasts a cantrip.
The orc wizard points at you and mumbles some strange words.
The puff of frost hits you!
You die...

.##................# ..#
. .#
...##.#.####....##..##..
.#
.......................
#...................
#..#.##.#..#..#..##
#.................#
#..#.##.#..#..#...#..
............).........
.#..#.##.#.@..........
.. #.##.............. .
#.....o..........
#.###l.##..#..##.
##.###..##.....#
........o{...#..#
###.#...o........
...............
...............


You could see an orc priest, an orc wizard, an orc and a frilled lizard.

Vanquished Creatures
  An adder (D:2)
  An ooze (D:2)
  A leopard gecko (D:2)
  A bat (D:2)
  A goblin (D:1)
  4 hobgoblins
  A frilled lizard (D:2)
  3 kobolds (D:1)
  2 rats (D:1)
15 creatures vanquished.

Notes
Turn   | Place    | Note
-------+----------+-------------------------------------------
     0 | D:1      | Hebeh the Minotaur Fighter began the quest for the Orb.
     0 | D:1      | Reached XP level 1. HP: 19/19 MP: 0/0
   539 | D:2      | Reached XP level 2. HP: 21/27 MP: 1/1
   721 | D:2      | Reached skill level 4 in Shields
   735 | D:2      | Reached XP level 3. HP: 29/33 MP: 2/2
   743 | D:2      | Killed from afar by an orc wizard

Vault maps used:
D:1:      dpeg_arrival_rooms_with_view
D:2:      first_ration, interstate_on_off, kennysheep_generic_room_10

Skill      XL: |  1  2 |
---------------+-------+-----
Axes           | 3 |  3.3
Shields        | 4 |  4.0
Fighting       | |  3.9
Armour         | |  3.9

Action                   || total
-------------------------++-------
Melee: War axe           ||    33
       Headbutt          ||     7
Armor: Scale mail        ||    11
Dodge: Dodged            ||     5
Block: Shield            ||    17

Table legend:
 A = Spawn XP
 B = Non-spawn XP
 C = Spawn XP percentage of total XP
 D = Spawn monster count
 E = Non-spawn monster count
 F = Spawn count percentage of total count
 G = Total turns spent on level
                    A         B        C        D         E        F      G
               +---------+---------+-------+---------+---------+-------+---------
         Total |       0 |      41 |   0.0 |       0 |      15 |   0.0 |   743
               +---------+---------+-------+---------+---------+-------+---------
           D:1 |       0 |      11 |   0.0 |       0 |       8 |   0.0 |   531
           D:2 |       0 |      30 |   0.0 |       0 |       7 |   0.0 |   212
               +---------+---------+-------+---------+---------+-------+---------
